Map: Dash and Terminal LE (Void)

Players

Loumpus

  • Race: Terran Terran
  • League: Platinum

skYnet

  • Race: Terran Terran
  • League: Platinum

MoonLjth

  • Race: Protoss Protoss
  • League: Platinum

iQuitBYE

  • Race: Protoss Protoss
  • League: Grandmaster

VOD

Have the link to the VOD?

Description

Time

  • Played on: Oct. 2, 2015, 3:44 p.m.
  • Length: 18:03
Show
View Real Time Build Order
Export as new Build Order

Loumpus Terran 

Build Orders: MMM Bio 

Get SALT Encoding   

  12  0:01  SCV  
  13  0:13  SCV  
  14  0:20  Supply Depot  
  14  0:26  SCV  
  15  0:42  SCV  
  16  0:43  Barracks  
  16  0:54  SCV  
  16  0:56  Refinery  
  17  1:06  SCV  
  18  1:21  SCV  
  20  1:33  Orbital Command  
  20  1:42  Engineering Bay  
  20  1:45  Supply Depot  
  20  1:48  Reaper  
  20  2:01  SCV  
  21  2:06  Command Center  
  21  2:13  SCV  
  22  2:25  SCV  
  22  2:30  Barracks Reactor  
  22  2:32  Bunker  
  22  2:36  Factory  
  22  2:37  SCV  
  23  2:49  SCV  
  24  2:54  Supply Depot  
  24  3:00  Refinery  
  24  3:01  SCV  
  24  3:13  Supply Depot  
  24  3:15  SCV  
  24  3:18  Orbital Command  
  25  3:22  Starport  
  25  3:26  Hellion x2, Orbital Command  
  29  3:29  SCV  
  30  3:35  Barracks Tech Lab  
  30  3:41  SCV  
  30  3:45  Bunker  
  31  3:50  Hellion x2  
  35  3:56  SCV  
  35  4:00  SCV  
  37  4:03  Supply Depot  
  37  4:07  Barracks Tech Lab  
  37  4:08  SCV  
  41  4:10  Raven  
  41  4:15  SCV  
  41  4:20  Widow Mine x2  
  45  4:25  SCV  
  45  4:27  SCV  
  45  4:30  Supply Depot  
  47  4:38  Marine  
  47  4:39  Stimpack  
  47  4:40  SCV  
  47  4:42  SCV  
  53  4:53  SCV  
  53  4:56  Orbital Command, Marine  
  52  5:03  Barracks x2  
  51  5:07  SCV  
  51  5:08  Factory Reactor  
  52  5:14  Marine  
  52  5:20  Supply Depot  
  52  5:21  SCV  
  54  5:23  Medivac  
  54  5:25  SCV  
  57  5:30  Engineering Bay  
  57  5:32  Marine  
  57  5:33  SCV  
  57  5:35  Supply Depot  
  59  5:37  SCV  
  60  5:45  SCV  
  60  5:49  SCV, Marine  
  62  5:51  Combat Shields  
  62  5:54  Marine x3  
  66  5:58  Supply Depot  
  66  6:00  Supply Depot  
  66  6:01  Terran Infantry Weapons Level 1  
  66  6:06  SCV  
  66  6:07  SCV, Marine  
  66  6:11  Medivac  
  71  6:12  Marine x3  
  71  6:16  Refinery  
  74  6:25  Marine  
  74  6:27  Command Center  
  74  6:30  SCV, Marine x3  
  74  6:31  SCV  
  80  6:35  Medivac  
  82  6:43  SCV  
  82  6:45  Marauder  
  85  6:48  Marine x3  
  85  6:50  Barracks  
  85  6:53  Barracks  
  88  6:55  Supply Depot  
  88  7:04  SCV, Factory Tech Lab  
  88  7:05  SCV, Marine  
  88  7:06  Marine  
  92  7:10  Marauder  
  92  7:12  Concussive Shells  
  94  7:16  Supply Depot, SCV  
  94  7:17  Marauder  
  94  7:19  Supply Depot  
  97  7:23  Medivac, Marine x2  
  101  7:31  Marauder  
  101  7:33  Medivac  
  105  7:38  Marauder  
  105  7:41  Marine x2  
  109  7:46  Barracks Reactor  
  109  7:51  Marauder  
  111  7:52  Marauder  
  111  7:57  Terran Infantry Armor Level 1  
  113  7:59  Marauder, Marine  
  113  8:00  Missile Turret  
  116  8:06  Missile Turret x2, Marine  
  116  8:08  SCV  
  116  8:12  SCV, Marauder  
  121  8:14  Marauder  
  121  8:16  Orbital Command  
  122  8:22  Medivac  
  122  8:26  Marauder  
  122  8:27  Marine  
  126  8:33  Marauder  
  128  8:34  Missile Turret  
  128  8:39  Marine, Marauder  
  128  8:40  Refinery x2  
  128  8:45  SCV  
  129  8:50  SCV x2  
  129  8:51  Marauder, Marine x2  
  129  8:53  Medivac  
  129  8:55  Marauder  
  139  8:57  SCV  
  139  9:01  Missile Turret, Marauder  
  140  9:08  Supply Depot x2  
  140  9:09  Supply Depot  
  135  9:20  Marine x2  
  135  9:23  SCV x2  
  139  9:28  Command Center  
  139  9:30  Sensor Tower  
  139  9:31  Marauder  
  141  9:33  SCV  
  141  9:35  SCV  
  141  9:36  Marauder, Marine  
  146  9:40  Armory  
  146  9:44  Engineering Bay  
  146  9:46  Marine, Marauder  
  146  9:49  SCV  
  146  9:50  SCV  
  151  9:53  Missile Turret  
  151  9:54  SCV  
  151  9:55  Marine x2  
  151  9:59  Marine  
  154  10:00  Missile Turret  
  154  10:04  Marine x2  
  154  10:06  SCV  
  154  10:07  Supply Depot  
  143  10:09  Marauder, Marine  
  143  10:12  Medivac  
  143  10:13  Medivac  
  150  10:15  Marine x2  
  150  10:17  SCV  
  150  10:18  SCV  
  154  10:25  SCV  
  154  10:27  Terran Infantry Armor Level 2  
  155  10:29  Refinery, Marine x2  
  155  10:34  Terran Infantry Weapons Level 2  
  157  10:39  Terran Vehicle Weapons Level 1  
  157  10:41  Planetary Fortress  
  157  10:45  Medivac  
  157  10:46  Marine x3  
  157  10:47  Refinery  
  157  10:48  SCV  
  157  10:49  SCV  
  164  10:52  Refinery  
  164  10:54  Marine, Marauder  
  164  10:55  Marine  
  168  10:57  SCV  
  168  11:00  SCV  
  148  11:05  Sensor Tower, Marauder  
  148  11:06  Marauder  
  148  11:07  Marine  
  148  11:08  Marine  
  148  11:09  SCV  
  137  11:14  Supply Depot  
  137  11:16  Supply Depot, Marauder  
  133  11:21  Marine x2  
  133  11:23  SCV x2  
  135  11:26  Medivac  
  135  11:27  Marauder x2, Medivac  
  135  11:30  SCV x2  
  145  11:37  Marauder  
  147  11:46  Marine  
  147  11:47  Marine  
  148  11:48  Starport x2, Marauder  
  148  11:49  Starport  
  151  11:54  Command Center  
  151  11:59  Marauder x2  
  157  12:09  Medivac x2  
  157  12:10  Marauder  
  157  12:11  Marine  
  162  12:16  Marine  
  162  12:20  Marauder  
  162  12:21  Marauder  
  162  12:31  Marauder  
  162  12:36  Starport Tech Lab x2  
  161  12:37  Marine, Starport Tech Lab  
  161  12:38  Marine x2  
  161  12:42  Marauder x2  
  155  12:48  Terran Infantry Armor Level 3  
  155  12:51  Marine  
  132  12:52  Refinery, Terran Infantry Weapons Level 3, Marauder  
  132  12:53  Refinery  
  132  12:54  Terran Vehicle Weapons Level 2  
  132  12:55  Corvid Reactor  
  129  13:01  SCV, Ghost Academy  
  130  13:06  Planetary Fortress  
  130  13:08  Missile Turret  
  129  13:23  Barracks  
  129  13:24  Barracks  
  129  13:25  Barracks  
  129  13:28  Marine  
  129  13:34  Command Center, Personal Cloaking, Missile Turret  
  132  13:35  Sensor Tower  
  132  13:38  Raven x2  
  135  13:41  Raven  
  135  13:47  Marine  
  128  13:48  Ghost  
  128  13:49  Ghost  
  128  13:51  SCV x2  
  126  13:56  Refinery  
  126  14:00  Refinery  
  126  14:01  Marine, Marauder  
  126  14:03  SCV  
  127  14:13  Barracks Tech Lab x3  
  127  14:17  Marauder  
  127  14:20  Raven  
  127  14:21  Raven  
  133  14:24  Raven  
  133  14:29  Ghost  
  137  14:31  Ghost  
  137  14:36  Ghost  
  139  14:49  Ghost  
  145  14:53  Planetary Fortress  
  145  14:59  Medivac  
  146  15:01  Orbital Command  
  146  15:03  Raven  
  146  15:04  Raven  
  150  15:09  Marauder x2  
  150  15:10  Ghost x2, Marauder  
  150  15:12  Viking  
  160  15:24  Command Center  
  153  15:33  Raven  
  153  15:34  Ghost x2  
  154  15:40  Ghost  
  154  15:42  Ghost  
  158  15:43  Marine x2  
  158  15:44  Marine x4  
  158  15:46  Raven x2  
  168  16:02  Marauder x2  
  168  16:04  Marauder  
  174  16:07  Ghost  
  174  16:08  Command Center  
  174  16:09  Sensor Tower  
  176  16:13  Missile Turret  
  176  16:15  SCV  
  176  16:16  Raven  
  179  16:25  Command Center  
  179  16:27  SCV  
  179  16:29  Raven  
  173  16:33  Supply Depot  
  173  16:35  Supply Depot  
  173  16:39  SCV  
  169  16:41  Raven  
  171  16:52  SCV  
  172  16:56  Fusion Core  
  172  16:58  Starport  
  172  16:59  Starport, Raven  
  174  17:01  Refinery x2  
  174  17:04  SCV  
  175  17:12  Raven  
  177  17:16  SCV  
  172  17:28  SCV  
  175  17:30  Command Center  
  175  17:31  Command Center, Orbital Command  
  175  17:40  SCV  
  174  17:46  Starport Tech Lab  
  174  17:47  Starport Tech Lab  
Show
View Real Time Build Order
Export as new Build Order

skYnet Terran 

Build Orders:  

Get SALT Encoding   

  12  0:02  Probe (Chrono Boost)  
  13  0:13  Pylon  
  13  0:17  Probe (Chrono Boost)  
  14  0:27  Probe (Chrono Boost)  
  15  0:37  Gateway  
  15  0:39  Probe (Chrono Boost)  
  16  0:44  Assimilator  
  17  0:50  Probe (Chrono Boost)  
  17  1:00  Probe (Chrono Boost)  
  19  1:11  Probe (Chrono Boost)  
  19  1:22  Probe (Chrono Boost)  
  19  1:25  Cybernetics Core  
  20  1:38  Zealot  
  20  1:43  Pylon  
  20  1:45  Probe (Chrono Boost)  
  23  1:54  Assimilator  
  24  2:01  Warp Gate  
  24  2:02  Probe (Chrono Boost)  
  24  2:16  Probe (Chrono Boost)  
  24  2:20  Twilight Council  
  25  2:28  Probe (Chrono Boost)  
  28  2:36  Nexus  
  28  2:41  Stalker, Pylon  
  28  2:49  Mothership Core (Chrono Boost)  
  29  3:00  Blink  
  28  3:08  Probe (Chrono Boost)  
  28  3:18  Probe (Chrono Boost)  
  29  3:28  Robotics Facility  
  29  3:30  Probe (Chrono Boost)  
  31  3:42  Probe (Chrono Boost)  
  31  3:54  Probe (Chrono Boost)  
  32  4:00  Nexus  
  33  4:10  Probe (Chrono Boost)  
  33  4:15  Probe (Chrono Boost), Observer  
  33  4:16  Stalker  
  37  4:22  Probe (Chrono Boost)  
  38  4:25  Probe (Chrono Boost)  
  40  4:39  Gateway, Probe (Chrono Boost)  
  40  4:40  Gateway  
  40  4:41  Probe (Chrono Boost)  
  41  4:51  Probe x2 (Chrono Boost)  
  41  5:02  Probe (Chrono Boost)  
  41  5:03  Probe (Chrono Boost)  
  41  5:04  Forge  
  43  5:13  Probe (Chrono Boost)  
  43  5:14  Stalker, Observer  
  46  5:15  Probe (Chrono Boost)  
  46  5:19  Resonating Glaives  
  48  5:23  Probe (Chrono Boost), Pylon  
  48  5:24  Probe (Chrono Boost)  
  50  5:35  Pylon  
  51  5:36  Probe (Chrono Boost), Assimilator  
  51  5:41  Stalker  
  51  5:46  Photon Cannon  
  50  5:50  Stalker  
  50  5:53  Probe (Chrono Boost)  
  50  5:54  Probe (Chrono Boost)  
  54  5:58  Protoss Ground Weapons Level 1  
  54  5:59  Stalker  
  54  6:01  Probe (Chrono Boost)  
  57  6:10  Pylon  
  57  6:13  Adept  
  57  6:17  Probe (Chrono Boost)  
  57  6:18  Probe (Chrono Boost), Pylon  
  62  6:19  Probe (Chrono Boost)  
  62  6:24  Warp Prism  
  61  6:33  Photon Cannon  
  61  6:35  Probe (Chrono Boost)  
  61  6:37  Stalker  
  64  6:43  Probe (Chrono Boost)  
  64  6:44  Probe (Chrono Boost)  
  67  6:47  Probe (Chrono Boost)  
  67  6:52  Stalker x2  
  67  6:53  Probe (Chrono Boost)  
  74  7:01  Probe (Chrono Boost), Photon Cannon  
  74  7:02  Probe (Chrono Boost)  
  74  7:07  Stalker  
  76  7:09  Probe (Chrono Boost)  
  76  7:13  Probe x2 (Chrono Boost)  
  78  7:16  Stalker  
  78  7:19  Probe (Chrono Boost)  
  81  7:26  Probe (Chrono Boost)  
  83  7:30  Stalker x2  
  83  7:44  Stalker  
  79  7:54  Probe (Chrono Boost)  
  79  7:57  Robotics Facility  
  79  7:58  Probe (Chrono Boost)  
  81  8:03  Photon Cannon  
  81  8:06  Photon Cannon  
  81  8:07  Adept  
  83  8:18  Probe (Chrono Boost)  
  82  8:20  Probe x2 (Chrono Boost)  
  82  8:23  Assimilator x2  
  82  8:27  Assimilator  
  82  8:29  Gateway  
  82  8:30  Probe x3 (Chrono Boost)  
  82  8:32  Gateway  
  85  8:41  Probe x2 (Chrono Boost)  
  87  8:42  Stalker x2, Probe (Chrono Boost)  
  90  8:51  Probe x2 (Chrono Boost)  
  90  8:53  Observer  
  90  8:54  Probe (Chrono Boost)  
  93  9:00  Gateway  
  93  9:02  Probe (Chrono Boost)  
  94  9:03  Gateway  
  94  9:07  Templar Archives  
  94  9:13  Pylon  
  94  9:14  Pylon  
  94  9:16  Pylon  
  90  9:26  Stalker  
  90  9:30  Gateway  
  92  9:32  Psionic Storm  
  92  9:34  Gateway  
  92  9:39  Pylon  
  92  9:42  Nexus  
  92  9:45  High Templar x3  
  94  9:51  Gateway, Pylon  
  98  9:53  Pylon  
  98  9:55  Pylon  
  98  9:58  Pylon  
  98  10:00  Adept  
  98  10:02  Immortal  
  104  10:09  High Templar x2  
  108  10:19  Probe (Chrono Boost)  
  108  10:20  Forge  
  108  10:22  Forge  
  108  10:23  Adept x2  
  108  10:24  Adept x2  
  116  10:30  Adept  
  116  10:38  Pylon  
  116  10:41  Probe (Chrono Boost), Immortal  
  121  10:44  Adept x3  
  121  10:45  Adept  
  121  10:46  Adept  
  131  10:54  Probe (Chrono Boost)  
  125  11:01  Archon  
  125  11:02  Archon  
  116  11:05  Stalker  
  116  11:06  Stalker x4  
  116  11:15  Adept x3  
  113  11:18  Probe (Chrono Boost)  
  112  11:34  Zealot  
  112  11:35  Twilight Council, Zealot  
  112  11:39  Adept x2  
  120  11:52  Nexus  
  120  11:57  Immortal  
  124  12:04  Adept x3  
  131  12:09  Probe (Chrono Boost)  
  125  12:17  Adept x3  
  125  12:19  Stalker  
  125  12:22  Stalker  
  128  12:26  Zealot x2  
  128  12:37  Forge  
  128  12:42  Adept, Zealot x2  
  128  12:43  Adept  
  128  12:45  Adept, Zealot  
  122  12:59  Nexus  
  122  13:00  Protoss Ground Weapons Level 2  
  122  13:05  Templar Archives  
  118  13:13  Adept  
  118  13:14  Adept  
  122  13:23  Sentry x2  
  126  13:27  Sentry x2  
  126  13:33  Probe (Chrono Boost)  
  127  13:45  Pylon  
  108  13:55  Immortal  
  94  14:02  Adept x3  
  80  14:03  Adept x3  
  80  14:05  Adept  
  88  14:14  High Templar x2  
  92  14:19  Photon Cannon  
  92  14:24  High Templar x4  
  92  14:26  Archon x2  
  92  14:29  Zealot  
  96  14:50  Charge  
  95  14:53  Adept x3  
  95  14:57  Adept x2  
  101  15:18  Adept x5  
  101  15:20  Pylon  
  111  15:24  Pylon  
  91  15:39  Zealot x5  
  91  15:47  Mothership Core (Chrono Boost)  
  81  15:58  Dark Shrine  
  81  16:00  Assimilator  
  81  16:02  Assimilator  
  81  16:04  Gateway  
  81  16:05  Gateway  
  81  16:06  Pylon  
  81  16:11  Gateway, High Templar x3  
  81  16:12  High Templar x2  
  81  16:14  Archon  
  91  16:22  Cybernetics Core  
  87  16:33  Archon  
  85  16:49  Photon Cannon  
  85  16:51  Nexus, Photon Cannon x2  
  85  16:53  Assimilator  
  85  16:56  High Templar x5  
  85  16:58  Assimilator  
  95  17:02  Pylon  
  95  17:04  Photon Cannon  
  95  17:06  Pylon  
  95  17:15  Robotics Facility  
  68  17:25  Zealot x2  
  72  17:31  Zealot  
  72  17:32  Zealot x2  
  74  17:37  Archon  
  74  17:40  Zealot x2  
  76  17:47  Dark Templar  
  76  17:55  Dark Templar x3  
  76  17:58  Dark Templar  
  61  17:59  Dark Templar x2  
Show
View Real Time Build Order
Export as new Build Order

MoonLjth Protoss 

Build Orders:  

Get SALT Encoding   

Show
View Real Time Build Order
Export as new Build Order

iQuitBYE Protoss 

Build Orders:  

Get SALT Encoding   

Tags
 
Add a new tag
Caveats
  • Supply blocks, unpowered buildings, or Contaminate may cause inaccurate times.
  • Supply counts are checked every 10 seconds.